 Dungeon Crawl Stone Soup version 0.16.0-14-g63f578d (webtiles) character file.

22 GeneralIdiocy the Insei (level 2, 0/18 HPs)
             Began as an Octopode Transmuter on Mar 19, 2015.
             Slain by a jackal (2 damage)
             ... on level 2 of the Dungeon.
             The game lasted 00:01:34 (1124 turns).

GeneralIdiocy the Insei (Octopode Transmuter)       Turns: 1124, Time: 00:01:34

Health: 0/18       AC:  1    Str:  9    XL:     2   Next: 91%
Magic:  4/4        EV: 12    Int: 15    God:
Gold:   58         SH:  0    Dex: 12    Spells: 2 memorised, 2 levels left

rFire  . . .     SeeInvis .       - Unarmed
rCold  . . .     Clarity  .     (no shield)
rNeg   . . .     SustAb   .     (helmet restricted)
rPois  .         Gourm    .     (no amulet)
rElec  .         Spirit   .     (no ring)
rCorr  .         Warding  .     (no ring)
rMut   .         Stasis   .     (no ring)
MR     .....                    (no ring)
Stlth  ++........               (no ring)
                                (no ring)
                                (no ring)
                                (no ring)

@: not resistant to hostile enchantments, unstealthy
A: almost no armour, amphibious, 8 rings, constrict 8, camouflage 1, gelatinous
body 1
a: no special abilities


You were on level 2 of the Dungeon.
You were hungry.

You visited 1 branch of the dungeon, and saw 2 of its levels.

You collected 58 gold pieces.

Inventory:

Missiles
 b - 12 arrows
Scrolls
 c - 3 scrolls of teleportation {unknown}
 e - 2 scrolls of noise {unknown}
 f - a scroll of fear {unknown}
 h - a scroll of identify {unknown}
 i - 2 scrolls of recharging {unknown}
 j - a scroll of remove curse {unknown}
 n - a scroll of fog {unknown}
Potions
 g - a potion of cancellation {unknown}
 k - a potion of restore abilities {unknown}
 l - a potion of heal wounds {unknown}
 m - a potion of curing {unknown}
Books
 d - a book of Changes

   Spells                             Type                      Level
   a - Beastly Appendage              Transmutation                1
   b - Sticks to Snakes               Transmutation                2
   c - Spider Form                    Transmutation/Poison         3
   d - Ice Form                       Ice/Transmutation            4
   e - Blade Hands                    Transmutation                5
Comestibles
 a - 2 bread rations


   Skills:
 + Level 1.5 Fighting
 - Level 2.0 Dodging
 + Level 3.2 Unarmed Combat
 - Level 2.0 Spellcasting
 * Level 2.6 Transmutations


You had 2 spell levels left.
You knew the following spells:

 Your Spells              Type           Power        Failure   Level  Hunger
a - Beastly Appendage     Trmt           #.....       10%         1    #......
b - Sticks to Snakes      Trmt           #.........   12%         2    ###....


Dungeon Overview and Level Annotations

Branches:
Dungeon (2/15)

Altars:


Innate Abilities, Weirdness & Mutations

You cannot wear most types of armour.
You are amphibious.
You can wear up to eight rings at the same time.
You can use your tentacles to constrict many enemies at once.
Your skin changes colour to match your surroundings (Stealth).
Your rubbery body absorbs attacks (AC +1).


Message History

You release your grip on the jackal.
The jackal bites you but does no damage.
The jackal bites you. x3
You tentacle-slap the jackal but do no damage.
You grab the jackal. You constrict the jackal. The jackal closely misses you.
The jackal closely misses you. The jackal bites you.
* * * LOW HITPOINT WARNING * * *
You release your grip on the jackal.
The giant cockroach completely misses you.
Read which item? (? for menu, Esc to quit)
Okay, then.
The giant cockroach bites you but does no damage.
The jackal barely misses you.
A rat comes into view.
The jackal closely misses you. The jackal closely misses you.
The jackal bites you.
* * * LOW HITPOINT WARNING * * *
The jackal bites you.
You die...

#.........#
#...$...#.#
#.........####
#.#..<........
#......<.###.
#........r...
##....s..###
#....hh.###.#
#...hh@.....#
#############


You could see 4 jackals, a giant cockroach and a rat.

Vanquished Creatures
  A giant gecko (D:1)
  A hobgoblin (D:1)
  3 kobolds (D:1)
  3 bats (D:1)
  3 giant newts (D:1)
  5 goblins (D:1)
  3 jackals (D:1)
  3 rats (D:1)
22 creatures vanquished.

Notes
Turn   | Place    | Note
--------------------------------------------------------------
     0 | D:1      | GeneralIdiocy, the Octopode Transmuter, began the quest for the Orb.
     0 | D:1      | Reached XP level 1. HP: 13/13 MP: 3/3
   150 | D:1      | Reached XP level 2. HP: 18/18 MP: 4/4
   200 | D:1      | Learned a level 2 spell: Sticks to Snakes
  1124 | D:2      | Slain by a jackal

Action                   || total
-------------------------++-------
Melee: Unarmed           ||    41
 Stab: Sleeping          ||     1
